AoeStats
← Dschinges Khan

Arabia

507533991Analyzed
4v4 RM · 14d ago on Sep 18, 2026· 44m 32s· 8 players
Game mode
Random Map
Map size
Large (8 player)
Population
200
Speed
Normal
Resources
Standard
Victory
Conquest
Starting age
Dark Age
Ending age
Imperial Age
RankedLock teamsTeams togetherTeam positionsShared explorationLock speedFull tech treeHidden civsTurbo modeCheats
Victory
Defeat
🇦🇹 Franks · Austria
1411
+13
🇩🇪 Persians · Germany
1365
+15
🇩🇪 Ethiopians · Germany
1291
+18
🇩🇪 Britons · Germany
1230
+20
🇨🇴 Mongols · Colombia
1396
-19
🇨🇳 Khmer · China
1334
-16
🇵🇹 Ethiopians · Portugal
1333
-16
🇦🇷 Magyars · Argentina
1300
-15
马虎
6:54 Loom
10:13 Feudal Age
18:00 Scale Barding Armor
18:30 Forging
24:34 Castle Age
23:12 Bloodlines
27:52 Husbandry
29:25 Chain Barding Armor
29:53 Double-Bit Axe
33:47 Horse Collar
36:11 Gold Mining
38:31 Wheelbarrow
37:42 Town Watch
42:24 Gold Shaft Mining
Morlhaw
6:38 Loom
9:15 Feudal Age
10:43 Double-Bit Axe
14:48 Fletching
17:35 Padded Archer Armor
17:24 Horse Collar
24:52 Castle Age
23:22 Gold Mining
25:32 Bodkin Arrow
25:13 Crossbowman
28:01 Town Watch
28:52 Wheelbarrow
30:04 Thumb Ring
30:38 Bow Saw
31:28 Ballistics
36:10 Heavy Plow
36:26 Hand Cart
Massarock
8:17 Loom
10:31 Feudal Age
11:23 Double-Bit Axe
11:40 Horse Collar
23:51 Fletching
31:05 Castle Age
31:23 Crossbowman
32:02 Bodkin Arrow
33:36 Bow Saw
33:28 Heavy Plow
34:49 Gold Mining
36:38 Padded Archer Armor
Tuvieja
6:35 Loom
8:55 Feudal Age
9:43 Double-Bit Axe
11:30 Horse Collar
21:58 Castle Age
21:08 Bloodlines
20:49 Gold Mining
22:30 Scale Barding Armor
22:58 Husbandry
24:08 Chain Barding Armor
34:41 Bow Saw
34:31 Heavy Plow
34:23 Stone Mining
41:07 Imperial Age
39:14 Wheelbarrow
38:25 Town Watch
38:12 Light Cavalry
38:54 Heavy Plow
40:47 Hand Cart
42:14 Gold Shaft Mining
41:13 Cavalier
43:18 Plate Barding Armor
43:36 Fletching
Red Calypso
7:04 Loom
9:12 Feudal Age
10:14 Double-Bit Axe
23:24 Castle Age
21:45 Forging
21:41 Scale Barding Armor
22:58 Wheelbarrow
22:51 Gold Mining
24:28 Chain Barding Armor
24:43 Iron Casting
26:53 Bow Saw
27:45 Gold Shaft Mining
28:32 Husbandry
35:47 Hand Cart
39:17 Imperial Age
40:36 Plate Barding Armor
41:03 Blast Furnace
39:32 Cavalier
41:00 Paladin
42:39 Conscription
Secret_jed
6:35 Loom
9:02 Feudal Age
11:50 Fletching
26:22 Castle Age
24:24 Gold Mining
25:22 Double-Bit Axe
25:50 Horse Collar
26:28 Crossbowman
27:09 Bodkin Arrow
30:10 Padded Archer Armor
31:06 Ballistics
44:08 Imperial Age
Dschinges Khan
6:31 Loom
9:03 Feudal Age
9:33 Double-Bit Axe
14:17 Fletching
22:03 Castle Age
20:24 Horse Collar
20:50 Gold Mining
23:09 Wheelbarrow
22:20 Town Watch
22:38 Padded Archer Armor
22:13 Crossbowman
22:51 Bodkin Arrow
36:31 Imperial Age
34:35 Hand Cart
35:13 Leather Archer Armor
35:18 Bow Saw
36:50 Arbalester
37:55 Ballistics
38:36 Chemistry
39:12 Bracer
40:42 Thumb Ring
42:18 Town Patrol
Solix0x
6:10 Loom
9:17 Feudal Age
9:45 Double-Bit Axe
9:41 Horse Collar
19:01 Scale Mail Armor
19:21 Scale Barding Armor
20:33 Bloodlines
22:32 Wheelbarrow
24:28 Castle Age
23:12 Forging
24:37 Wheelbarrow
25:18 Chain Barding Armor
29:49 Town Watch
36:03 Iron Casting
38:07 Hand Cart
42:33 Husbandry
43:14 Town Patrol
43:43 Bow Saw
46:56 Imperial Age
Connection lost

Rejoining the realm…

Still unreachable

The connection could not be restored.

Session expired

The server has moved on; the page needs a fresh start.